 Dungeon Crawl Stone Soup version 0.13-a0-1536-gedae9ec (webtiles) character file.

1924 Kae the Cleaver (level 8, -2/69 HPs)
             Began as a Lava Orc Berserker on June 10, 2013.
             Was an Elder of Trog.
             Slain by an ice beast (3 damage)
             ... on Level 7 of the Dungeon.
             The game lasted 00:07:47 (6450 turns).

Kae the Cleaver (Lava Orc Berserker)                Turns: 6450, Time: 00:07:47

HP  -2/69        AC  6     Str 20      XL: 8   Next: 71%
MP   7/7         EV 11     Int  7      God: Trog [****..]
Gold 244         SH  0     Dex 12      Spells:  0 memorised,  7 levels left

Res.Fire  : + + +   See Invis. : .   a - +0 orc hand axe {=f}
Res.Cold  : x . .   Warding    : .   E - +0 ring mail
Life Prot.: . . .   Conserve   : .   (no shield)
Res.Poison: .       Res.Corr.  : .   (no helmet)
Res.Elec. : .       Clarity    : .   (no cloak)
Sust.Abil.: . .     Spirit.Shd : .   (no gloves)
Res.Mut.  : .       Stasis     : .   (no boots)
Res.Rott. : .       Flight     : .   (no amulet)
Saprovore : + . .                    (no ring)
                                     (no ring)

@: quick, slightly resistant to hostile enchantments, extremely unstealthy
A: conserve scrolls, saprovore 1
a: Burn Spellbooks, Berserk, Trog's Hand, Brothers in Arms, Renounce Religion


You were on level 7 of the Dungeon.
You worshipped Trog.
Trog was extremely pleased with you.
You were hungry.

You visited 1 branch of the dungeon, and saw 7 of its levels.

You collected 224 gold pieces.

Inventory:

Hand weapons
 a - a +0,+0 orcish hand axe (weapon) {=f}
Armour
 E - a +0 ring mail (worn)
 G - a +0 cloak
Magical devices
 y - a wand of paralysis (7)
 F - a wand of teleportation (4) {unknown}
 H - a wand of cold (11) {unknown}
 P - a wand of magic darts (14) {unknown}
Comestibles
 c - 2 meat rations
 j - 4 bread rations
 M - 2 apples
Scrolls
 d - a scroll of enchant armour {unknown}
 g - 4 scrolls of remove curse {unknown}
 i - a scroll of fear {unknown}
 k - a scroll of curse jewellery {unknown}
 m - a scroll of enchant weapon I {unknown}
 n - a scroll of fog {unknown}
 o - 6 scrolls of identify {unknown}
 t - a scroll of noise {unknown}
 x - 4 scrolls of teleportation {unknown}
 D - a scroll of curse weapon {unknown}
 J - a scroll of immolation {unknown}
 K - a scroll of recharging {unknown}
 N - a scroll of curse armour {unknown}
 Q - a scroll of blinking {unknown}
Jewellery
 b - a +1 ring of strength {unknown}
 f - an uncursed ring of fire {unknown}
 p - a cursed ring of teleportation {unknown}
 u - an uncursed amulet of conservation {unknown}
 R - an uncursed ring of fire {unknown}
Potions
 e - 2 potions of might {unknown}
 h - 2 potions of confusion {unknown}
 l - 2 potions of flight {unknown}
 q - a potion of invisibility {unknown}
 r - a potion of agility {unknown}
 s - 3 potions of poison {unknown}
 v - a potion of degeneration {unknown}
 w - 2 potions of heal wounds {unknown}
 z - 2 potions of magic {unknown}
 A - 10 potions of curing
 B - a potion of slowing {unknown}
 I - a potion of restore abilities {unknown}
 O - a potion of porridge {unknown}
Books
 C - a book of the Warp

   Spells                             Type                      Level
   Recall                             Summoning/Translocation      3
   Control Teleport                   Charms/Translocation         4
   Phase Shift                        Translocation                5
   Warp Weapon                        Charms/Translocation         5
   Dispersal                          Translocation                6
   Controlled Blink                   Translocation                7
   Disjunction                        Translocation                8
   Trog disapproves of the use of such an item.
 L - a book of Frost

   Spells                             Type                      Level
   Freeze                             Ice                          1
   Throw Frost                        Conjuration/Ice              2
   Ozocubu's Armour                   Charms/Ice                   3
   Throw Icicle                       Conjuration/Ice              4
   Summon Ice Beast                   Ice/Summoning                4
   Condensation Shield                Ice                          4
   Trog disapproves of the use of such an item.


   Skills:
 + Level 6.4 Fighting
 * Level 9.0 Axes
 + Level 5.4 Armour
 + Level 4.1 Dodging


You had 7 spell levels left.
You didn't know any spells.

Dungeon Overview and Level Annotations

Branches:
Dungeon (7/27)
 Temple: D:4-7          Orc: D:6-11

Altars:
Kikubaaqudgha
Okawaru
Sif Muna
Trog

Shops:
D:4: [


Innate Abilities, Weirdness & Mutations

You have stony skin.
You cover ground quickly.
Your flesh is almost immune to the effects of heat.
Your fire spells are more powerful.
Your flesh is vulnerable to cold.
Your heat harms attackers.
You bathe your surroundings in blazing heat.
You are too hot to use scrolls.
You are very good at protecting items from fire.
You can tolerate rotten meat.


Message History

The ice beast hits you but does no damage.
The ice beast is singed by your heat.
The ice beast is heavily wounded.
Unknown command.
You closely miss the ice beast.
The ice beast is heavily wounded.
You're getting fired up.
The ice beast barely misses you.
Your ring mail prevents you from hitting the ice beast.
The ice beast is heavily wounded.
The ice beast hits you. The ice beast freezes you!
You feel a terrible chill!
* * * LOW HITPOINT WARNING * * *
The ice beast melts!
The ice beast is singed by your heat.
The ice beast is severely wounded.
You are too injured to fight recklessly!
Unknown command.
You hit the ice beast.
The ice beast is severely wounded.
The ice beast hits you.
You die...

. #. #. #. #. #.
#.########
##.####.I.......<
........@# ##.#.###.#
#.####### #.###.##
#.#.......
#......#######........
#####..........#######
# ##........## ##. ...
### #.####...#####.#
###.. ... ...
.........# #.# #....
#.# #.# ######...#
###.### #.###


You could see an ice beast.

Vanquished Creatures
  Grinder (D:4)
  3 ogres
  A phantom (D:7)
  A hippogriff zombie (D:6)
  Sigmund (D:2)
  3 giant frogs
  Blork the orc (D:4)
  6 hounds
  2 crimson imps (D:5)
  An ogre skeleton (D:7)
  An orc priest (D:3)
  A hound skeleton (D:7)
  3 worker ants
  An iguana (D:7)
  A jelly (D:5)
  11 adders
  A gnoll (D:1)
  An adder zombie (D:5)
  A giant mite (D:4)
  2 worms
  4 giant geckos
  2 oozes
  15 orcs
  3 giant cockroaches
  13 goblins
  12 hobgoblins
  14 jackals
  3 kobolds
  3 quokkas (D:5)
  12 bats
  5 giant newts
  A goblin zombie (D:5)
  A hobgoblin skeleton (D:6)
  A jackal zombie (D:6)
  A kobold skeleton (D:6)
  10 rats
143 creatures vanquished.

Vanquished Creatures (others)
  A kobold (D:2)
1 creature vanquished.

Grand Total: 144 creatures vanquished

Notes
Turn   | Place    | Note
--------------------------------------------------------------
     0 | D:1      | Kae, the Lava Orc Berserker, began the quest for the Orb.
     0 | D:1      | Reached XP level 1. HP: 19/19 MP: 0/0
    82 | D:1      | Reached skill level 4 in Axes
    82 | D:1      | Reached XP level 2. HP: 10/26 MP: 1/1
   777 | D:2      | Reached XP level 3. HP: 33/33 MP: 2/2
   899 | D:2      | Acquired Trog's second power
  1360 | D:2      | Noticed Sigmund
  1369 | D:2      | Killed Sigmund
  1369 | D:2      | Reached skill level 5 in Axes
  1369 | D:2      | Reached XP level 4. HP: 40/40 MP: 3/3
  1535 | D:2      | Reached XP level 5. HP: 41/46 MP: 4/4
  2183 | D:3      | Found a deep blue altar of Sif Muna.
  2730 | D:4      | Noticed Blork the orc
  2747 | D:4      | Killed Blork the orc
  2747 | D:4      | Reached skill level 6 in Axes
  2747 | D:4      | Reached XP level 6. HP: 46/53 MP: 5/5
  2830 | D:4      | Found an iron altar of Okawaru.
  2830 | D:4      | Noticed Grinder
  2843 | D:4      | Killed Grinder
  2843 | D:4      | Reached skill level 5 in Fighting
  2843 | D:4      | Reached XP level 7. HP: 51/60 MP: 6/6
  2942 | D:4      | Reached skill level 7 in Axes
  3215 | D:4      | Found Makkuus' Armour Boutique.
  3584 | D:5      | Entered Level 5 of the Dungeon
  3610 | D:5      | Paralysed by you for 7 turns
  3688 | D:5      | Found a bloodstained altar of Trog.
  4300 | D:5      | Reached skill level 8 in Axes
  4576 | D:5      | Reached XP level 8. HP: 65/68 MP: 7/7
  4747 | D:6      | Acquired Trog's third power
  4751 | D:6      | Reached skill level 5 in Armour
  4814 | D:6      | Found an ancient bone altar of Kikubaaqudgha.
  6004 | D:7      | Reached skill level 9 in Axes
  6449 | D:7      | HP: 1/69 [ice beast (26)]
  6450 | D:7      | Slain by an ice beast

Action                   |  1- 3 |  4- 6 |  7- 9 || total
-------------------------+-------+-------+-------++-------
Melee: Hand axe          |   110 |   105 |   386 ||   601
Invok: Berserk           |     1 |     2 |     2 ||     5
       Trog's Hand       |     1 |       |       ||     1
Evoke: Wand              |       |       |     2 ||     2
  Use: Potion            |     1 |       |       ||     1
 Stab: Distracted        |       |       |     1 ||     1
